 Dungeon Crawl Stone Soup version 0.31-a0-542-gdc2a67831c (console) character file.

Game seed: 15727241712076281945

121826 jejorda2 the Prestidigitator (level 16, -12/130 HPs)
             Began as a Gnoll Berserker on Aug 13, 2023.
             Was a High Priest of Trog.
             Killed by divine providence
             ... invoked by a balrug
             ... summoned by Asterion
              (16 damage)
             ... on level 2 of the Spider Nest on Aug 14, 2023.
             The game lasted 01:22:10 (26857 turns).

jejorda2 the Prestidigitator (Gnoll Berserker)     Turns: 26857, Time: 01:22:14

Health: -12/130    AC: 27    Str: 24    XL:     16   Next: 86%
Magic:  14/31      EV: 16    Int:  6    God:    Trog [*****.]
Gold:   340        SH:  0    Dex: 16    Spells: 37/37 levels left

rFire   + + .        a - +5 broad axe (spect)
rCold   + + +        t - orb {light}
rNeg    . . .        Q - +5 chain mail of the Moon {rElec Dex+3 Slay+3}
rPois   +            R - +2 helmet
rElec   +            F - +1 cloak of New Discoveries {Contam rC+++ Regen+}
rCorr   +            h - +2 pair of gloves
SInv    .            (no boots)
Will    +++..        r - amulet of Noon {RegenMP Fragile rElec rF++ rCorr}
Stlth   +            N - +4 ring of protection
HPRegen 2.21/turn    H - ring of poison resistance
MPRegen 0.62/turn

%: no passive effects
@: marked, strong-willed, corroded, on berserk cooldown, regenerating, slowed,
glowing, studying 2 skills, very slow
A: fangs 1, strong nose, distributed training
a: Renounce Religion, Berserk, Trog's Hand, Brothers in Arms


You were on level 2 of the Spider Nest.
You worshipped Trog.
Trog was extremely pleased with you.
You visited 4 branches of the dungeon, and saw 24 of its levels.
You also visited: Ossuary and Bailey.

You collected 3180 gold pieces.
You spent 2840 gold pieces at shops.

Inventory:

Hand Weapons
 a - a +5 spectral broad axe (weapon)
 b - a +0 war axe of flaming
 w - a +7 antimagic hand axe
Missiles
 c - 25 poisoned darts
 k - 11 boomerangs (quivered)
 l - 11 curare-tipped darts
 p - 6 javelins
Armour
 h - a +2 pair of gloves (worn)
 t - an orb of light (worn)
 F - the +1 cloak of New Discoveries (worn) {Contam rC+++ Regen+}
   (You acquired it on level 9 of the Dungeon)

   rC+++:     It renders you almost immune to cold.
   Contam:    It causes magical contamination when unequipped.
   Regen+:    It increases your rate of health regeneration.
 Q - the +5 chain mail of the Moon (worn) {rElec Dex+3 Slay+3}
   (You acquired it on level 2 of the Lair of Beasts)

   Dex+3:     It affects your dexterity (+3).
   Slay+3:    It affects your accuracy & damage with ranged weapons and melee
   (+3).
   rElec:     It insulates you from electricity.
 R - a +2 helmet (worn)
Jewellery
 e - a ring of positive energy
 r - the amulet of Noon (around neck) {RegenMP Fragile rElec rF++ rCorr}
   (You found it on level 6 of the Dungeon)

   [amulet of magic regeneration]

   RegenMP:   It increases your rate of magic regeneration.
   rF++:      It greatly protects you from fire.
   rElec:     It insulates you from electricity.
   rCorr:     It protects you from acid and corrosion.
   Fragile:   It will be destroyed if unequipped.
 H - a ring of poison resistance (right hand)
 N - a +4 ring of protection (left hand)
 S - a ring of willpower
Wands
 d - a wand of roots (15)
 u - a wand of mindburst (15)
 K - a wand of digging (6)
 L - a wand of quicksilver (5)
 M - a wand of paralysis (10)
Scrolls
 f - 8 scrolls of blinking
 g - 8 scrolls of teleportation
 v - 4 scrolls of fog
 x - 3 scrolls of butterflies
 y - a scroll of enchant armour
 z - 13 scrolls of identify
 B - 2 scrolls of revelation
 G - 2 scrolls of immolation
 J - 2 scrolls of fear
 O - 5 scrolls of poison
Potions
 i - 8 potions of curing
 m - 2 potions of enlightenment
 n - 5 potions of resistance
 o - 3 potions of heal wounds
 q - a potion of cancellation
 s - 3 potions of mutation
 A - a potion of invisibility
 E - 6 potions of might
 I - 2 potions of haste
Miscellaneous
 j - a phial of floods
 C - a phantom mirror
 D - a sack of spiders


   Skills:
 + Level 13.1 Fighting
 + Level 11.4 Short Blades
 + Level 11.4 Long Blades
 + Level 13.1 Axes
 + Level 11.4 Maces & Flails
 + Level 11.4 Polearms
 + Level 11.4 Staves
 + Level 11.4 Ranged Weapons
 + Level 11.4 Throwing
 + Level 12.3 Armour
 + Level 14.2 Dodging
 + Level 11.4 Stealth
 + Level 11.4 Shields
 + Level 11.4 Unarmed Combat
 + Level 11.4 Spellcasting
 + Level 9.7 Conjurations
 + Level 9.7 Hexes
 + Level 9.7 Summonings
 + Level 9.7 Necromancy
 + Level 9.7 Translocations
 + Level 9.7 Transmutations
 + Level 9.7 Fire Magic
 + Level 9.7 Ice Magic
 + Level 9.7 Air Magic
 + Level 9.7 Earth Magic
 + Level 9.7 Poison Magic
 + Level 12.4 Invocations
 + Level 14.7 Evocations
 + Level 9.7 Shapeshifting


You had 37 spell levels left.
You didn't know any spells.
Your spell library was empty.

Dungeon Overview and Level Annotations

Branches:
Dungeon (15/15)            Temple (0/1) D:5            Lair (5/5) D:11
  Swamp (0/4) Lair:2       Spider (2/4) Lair:3        Slime (0/5) Lair:5
    Orc (2/2) D:12            Elf (0/3) Orc:2        Vaults (0/5) D:14
 Depths (0/4) D:15        Ossuary (visited)          Bailey (visited)

Altars:
Cheibriados
Kikubaaqudgha
Sif Muna
Trog
Vehumet
Wu Jian
The Shining One
Jiyva

Shops:
D:4 (   D:7 *   D:9 *[(=(   D:11 ***?*   D:12 (!   Orc:2 :[(=

Annotations:
Spider:2 Asterion


Innate Abilities, Weirdness & Mutations

You have very sharp teeth.
Your uncanny sense of smell can sniff out nearby items.
Your experience applies equally to all skills.


Message History

The demonic crawler hits your +5 spectral broad axe!
Your spectral weapon shares its damage with you!
Your +5 spectral broad axe disappears.
Asterion misses you.
The +1 spectral broad axe hits you but does no damage.
Asterion gores you!
The orb spider weaves a glowing orb of energy.
A +1 spectral broad axe and an orb of destruction come into view.
Unknown command.
The demonic crawler gives a hideous shriek!
You slash Asterion! Asterion blocks your attack.
Asterion is moderately wounded.
You slash the +1 spectral broad axe!
Asterion shares his spectral weapon's damage!
Your +5 spectral broad axe hits Asterion but does no damage.
Your +5 spectral broad axe hits the demonic crawler!
The demonic crawler hits your +5 spectral broad axe.
The demonic crawler hits your +5 spectral broad axe!
Your spectral weapon shares its damage with you!
The demonic crawler barely misses your +5 spectral broad axe.
The orb of destruction hits you!!
* * * LOW HITPOINT WARNING * * *
Asterion misses you.
Asterion hits your +5 spectral broad axe with a +1 spectral broad axe!!
Your spectral weapon shares its damage with you!
Your +5 spectral broad axe disappears.
The +1 spectral broad axe hits you but does no damage.
* * * LOW HITPOINT WARNING * * *
Asterion barely misses you.
You feel you are being watched by something.
You feel your power leaking away.
A ghost moth comes into view.
Asterion hits you with a +1 spectral broad axe.
* * * LOW HITPOINT WARNING * * *
The +1 spectral broad axe hits you but does no damage.
Asterion gores you.
* * * LOW HITPOINT WARNING * * *
The balrug gestures at you. Makhleb smites you!
You die...

^.<#.##
#.###..###.#####...##.
.#####
..#.#..#...#)#......## #
...#..##..#.....####. #
...s##...#..##....#. #..
##.<.^#.#^....#...##. ##..#
#..s#####..^####.....
......##†○#.#.#....#...#...
.........†☼.#....####>#####
#####..†##@##..#..^.###....
^....#.#.Hs..^#...##......
#....###2(..###........###
.!.## #y.#...#####..####..
.. .....#..###..##....#.. .
#...#.#........#...###.
..#.###.....#####....#.
..###.^.###....#>.#.^.. ∆
#.##...###..#####.#..


You could see Asterion, a balrug (summoned), a ghost moth (invisible), a demonic
crawler, an orb spider and a +1 spectral broad axe.

Vanquished Creatures
  Jorgrun (D:15)
  Frances (D:13)
  Roxanne (D:15)
  An orc warlord (Bailey)
  A very ugly thing (D:15)
  A reaper (Lair:5)
  2 broodmothers
  An eleionoma (Lair:2)
  A dire elephant (Lair:5)
  2 spark wasps (Spider:1)
  The ghost of Twinkles the Martial Artist, a journeyman OpSh of Okawaru (Lair:4)
  An ettin (Orc:2)
  A great orb of eyes (D:15)
  An entropy weaver (Spider:2)
  An ogre mage (D:14)
  4 hydras
  2 boulder beetles
  4 centaur warriors
  A jorogumo (Spider:1)
  A radroach (Spider:2)
  5 catoblepae
  4 two-headed ogres
  12 demonic crawlers
  4 orc high priests (Orc:2)
  A tengu warrior (D:15)
  19 death yaks
  Nergalle (Lair:1)
  3 sun moths
  A skyshark (Lair:4)
  2 pharaoh ants
  A deep troll (shapeshifter) (D:14)
  4 skeletal warriors (D:13)
  3 steelbarb worms (Spider:2)
  An orc knight (Orc:2)
  3 orb spiders
  A faun (shapeshifter) (D:14)
  A deep elf pyromancer (D:14)
  15 ugly things
  2 orc sorcerers
  An oklob plant (Lair:3)
  2 cyclopes
  8 wolf spiders
  4 elephants (Lair:5)
  4 manticores
  A moth of wrath (Spider:1)
  6 black mambas
  2 water nymphs (shapeshifter)
  A torpor snail (Lair:3)
  9 cane toads
  3 kobold demonologists (D:14)
  13 komodo dragons
  2 freezing wraiths (D:15)
  3 trolls
  3 meliai (D:13)
  A meliai (shapeshifter) (D:14)
  A hornet (Lair:4)
  9 tarantellas
  14 blink frogs
  2 dream sheep (Lair:3)
  8 slime creatures
  7 jumping spiders
  53 yaks
  A water elemental (D:13)
  2 spriggans (Lair:4)
  A vampire (D:11)
  A ynoxinul (D:10)
  9 culicivoras
  5 wyverns
  3 wraiths
  A basilisk (D:15)
  A human (Lair:5)
  27 redbacks
  2 steam dragons
  11 vampire mosquitoes
  Edmund (D:4)
  2 wargs (Orc:2)
  4 acid dragons
  12 water moccasins
  A two-headed ogre zombie (D:12)
  3 ice beasts
  3 sky beasts
  27 orc warriors
  4 black bears
  A boggart (Lair:4)
  16 ogres
  9 wolves
  10 centaurs
  3 phantoms
  3 kobold brigands
  21 bullfrogs
  12 scorpions
  6 wights
  13 killer bees
  3 howler monkeys (D:9)
  3 electric eels
  2 vampire bats (D:13)
  A centaur zombie (Ossuary)
  A human zombie (Ossuary)
  2 hounds
  3 gnoll boudas
  2 jellies
  35 orc priests
  An iguana (D:7)
  Jessica (D:2)
  3 sleepcaps
  30 orc wizards
  A hell rat (Lair:2)
  Terence (D:2)
  7 ogre zombies (D:12)
  2 mummies (Ossuary)
  21 gnolls
  10 adders
  4 white imps
  An ufetubus (D:4)
  4 adder zombies (Ossuary)
  5 worms
  5 dart slugs
  65 orcs
  8 bats
  4 bat zombies (D:13)
  7 endoplasms
  3 giant cockroaches
  24 goblins
  14 hobgoblins
  2 jackals (D:1)
  3 quokkas
  9 ball pythons
  4 frilled lizards
  2 goblin skeletons (D:12)
  2 goblin zombies (D:12)
  6 hobgoblin skeletons (D:12)
  11 hobgoblin zombies
  2 jackal zombies (Ossuary)
  16 kobolds
  8 kobold zombies (Ossuary)
  3 orc skeletons (D:12)
  20 orc zombies
  6 rats
  A rat zombie (Ossuary)
  A spectral weapon (Spider:2)
853 creatures vanquished.

Vanquished Creatures (collateral kills)
  A catoblepas (Lair:2)
  A goblin (Bailey)
2 creatures vanquished.

Vanquished Creatures (others)
  17 spectral weapons
17 creatures vanquished.

Grand Total: 872 creatures vanquished

Notes
Turn   | Place    | Note
-------+----------+-------------------------------------------
     0 | D:1      | jejorda2 the Gnoll Berserker began the quest for the Orb.
     0 | D:1      | Reached XP level 1. HP: 23/23 MP: 1/1
    35 | D:1      | Reached XP level 2. HP: 26/29 MP: 2/2
    65 | D:1      | Reached XP level 3. HP: 24/35 MP: 3/3
   197 | D:1      | Upgraded the game from 0.31-a0-538-gbc85326fa9 to
                  | 0.31-a0-542-gdc2a67831c
   512 | D:1      | Reached skill level 1 in Invocations
   590 | D:1      | Found a faded altar of an unknown god.
   936 | D:2      | Reached ** piety under Trog
  1079 | D:2      | Reached skill level 1 in Short Blades
  1079 | D:2      | Reached skill level 1 in Long Blades
  1079 | D:2      | Reached skill level 1 in Maces & Flails
  1079 | D:2      | Reached skill level 1 in Polearms
  1079 | D:2      | Reached skill level 1 in Staves
  1079 | D:2      | Reached skill level 1 in Ranged Weapons
  1079 | D:2      | Reached skill level 1 in Throwing
  1079 | D:2      | Reached skill level 1 in Stealth
  1079 | D:2      | Reached skill level 1 in Shields
  1079 | D:2      | Reached skill level 1 in Unarmed Combat
  1079 | D:2      | Reached skill level 1 in Spellcasting
  1079 | D:2      | Reached skill level 1 in Evocations
  1163 | D:2      | Noticed Jessica
  1173 | D:2      | Killed Jessica
  1174 | D:2      | Reached XP level 4. HP: 25/41 MP: 5/5
  1249 | D:2      | Reached skill level 1 in Conjurations
  1249 | D:2      | Reached skill level 1 in Hexes
  1249 | D:2      | Reached skill level 1 in Summonings
  1249 | D:2      | Reached skill level 1 in Necromancy
  1249 | D:2      | Reached skill level 1 in Translocations
  1249 | D:2      | Reached skill level 1 in Transmutations
  1249 | D:2      | Reached skill level 1 in Fire Magic
  1249 | D:2      | Reached skill level 1 in Ice Magic
  1249 | D:2      | Reached skill level 1 in Air Magic
  1249 | D:2      | Reached skill level 1 in Earth Magic
  1249 | D:2      | Reached skill level 1 in Poison Magic
  1249 | D:2      | Reached skill level 1 in Shapeshifting
  1249 | D:2      | Noticed Terence
  1258 | D:2      | Killed Terence
  1752 | D:3      | Reached XP level 5. HP: 47/47 MP: 5/7
  2519 | D:4      | Found Seide's Antique Weapon Shoppe.
  2560 | D:4      | Found a sand-covered staircase.
  2565 | Ossuary  | Entered an ossuary
  2610 | Ossuary  | Reached *** piety under Trog
  2700 | Ossuary  | Reached XP level 6. HP: 53/53 MP: 8/8
  2720 | Ossuary  | Reached skill level 5 in Armour
  2720 | Ossuary  | Reached skill level 5 in Dodging
  2836 | D:4      | Noticed Edmund
  2847 | D:4      | Killed Edmund
  2848 | D:4      | Reached XP level 7. HP: 56/59 MP: 10/10
  3717 | D:4      | Bought a glowing hand axe for 132 gold pieces
  3728 | D:5      | Entered Level 5 of the Dungeon
  3926 | D:5      | Reached skill level 5 in Short Blades
  3926 | D:5      | Reached skill level 5 in Long Blades
  3926 | D:5      | Reached skill level 5 in Maces & Flails
  3926 | D:5      | Reached skill level 5 in Polearms
  3926 | D:5      | Reached skill level 5 in Staves
  3926 | D:5      | Reached skill level 5 in Ranged Weapons
  3926 | D:5      | Reached skill level 5 in Throwing
  3926 | D:5      | Reached skill level 5 in Stealth
  3926 | D:5      | Reached skill level 5 in Shields
  3926 | D:5      | Reached skill level 5 in Unarmed Combat
  3926 | D:5      | Reached skill level 5 in Spellcasting
  3926 | D:5      | Reached skill level 5 in Invocations
  3926 | D:5      | Reached skill level 5 in Evocations
  3926 | D:5      | Reached XP level 8. HP: 69/69 MP: 3/15
  4292 | D:5      | Reached XP level 9. HP: 69/75 MP: 5/17
  4378 | D:5      | Found a staircase to the Ecumenical Temple.
  4618 | D:6      | Reached **** piety under Trog
  4714 | D:6      | Found a glowing golden altar of the Shining One.
  4880 | D:6      | Identified the amulet of Noon {RegenMP Fragile rElec rF++
                  | rCorr}
  5414 | D:7      | Noticed an orc sorcerer
  5419 | D:7      | Noticed a sun demon
  5445 | D:7      | Killed an orc sorcerer
  5453 | D:7      | Reached XP level 10. HP: 49/82 MP: 6/18
  5456 | D:7      | Found a radiant altar of Vehumet.
  5467 | D:7      | Found Egeukya's Assorted Antiques.
  5475 | D:7      | Bought a scratched sapphire ring for 115 gold pieces
  5519 | D:7      | Found a flagged portal.
  5575 | Bailey   | Entered a bailey
  5768 | Bailey   | Reached ***** piety under Trog
  5785 | Bailey   | Reached skill level 5 in Conjurations
  5785 | Bailey   | Reached skill level 5 in Hexes
  5785 | Bailey   | Reached skill level 5 in Summonings
  5785 | Bailey   | Reached skill level 5 in Necromancy
  5785 | Bailey   | Reached skill level 5 in Translocations
  5785 | Bailey   | Reached skill level 5 in Transmutations
  5785 | Bailey   | Reached skill level 5 in Fire Magic
  5785 | Bailey   | Reached skill level 5 in Ice Magic
  5785 | Bailey   | Reached skill level 5 in Air Magic
  5785 | Bailey   | Reached skill level 5 in Earth Magic
  5785 | Bailey   | Reached skill level 5 in Poison Magic
  5785 | Bailey   | Reached skill level 5 in Shapeshifting
  6225 | Bailey   | Identified the +6 lajatang "Kidgheg" {heavy, rN+ Str+3}
  6285 | Bailey   | Noticed an orc warlord
  6299 | Bailey   | Killed an orc warlord
  6361 | Bailey   | Acquired 968 gold pieces
  6363 | Bailey   | Acquired a manual of Evocations
  7159 | D:8      | Reached XP level 11. HP: 89/89 MP: 20/20
  7867 | D:9      | Found Atwoupn's Assorted Antiques.
  7872 | D:9      | Bought a pink potion for 23 gold pieces
  7872 | D:9      | Bought a scroll of revelation for 195 gold pieces
  7945 | D:9      | Noticed a cyclops
  8006 | D:9      | Killed a cyclops
  8290 | D:9      | Found Xusautem's Jewellery Emporium.
  8324 | D:9      | Bought a ring of poison resistance for 240 gold pieces
  8473 | D:9      | Found Rasol's Antique Armour Boutique.
  8477 | D:9      | Bought a shiny helmet for 165 gold pieces
  8486 | D:9      | Found Asaxziuq's Antique Weapon Shop.
  8489 | D:9      | Bought a runed war axe for 136 gold pieces
  8572 | D:9      | Found Odeast's Weapon Shop.
  8885 | D:10     | Entered Level 10 of the Dungeon
  8980 | D:10     | Found an ornate altar of the Wu Jian Council.
  9424 | D:10     | Found a shimmering blue altar of Sif Muna.
  9498 | D:10     | Found a bloodstained altar of Trog.
  9838 | D:11     | Found Oqor's General Store.
  9978 | D:11     | Identified the amulet "Relewnos" {Harm Rampage Fragile
                  | Regen+ Str-2}
  9989 | D:11     | Found Asoqaxoa's Assorted Antiques.
  9992 | D:11     | Bought a short silver wand for 108 gold pieces
  9992 | D:11     | Bought an ichor-stained sling for 175 gold pieces
  9992 | D:11     | Identified the +0 sling of Dismemberment {freeze, Will-
                  | rCorr Int-5 SInv} (You bought it in a shop on level 11 of
                  | the Dungeon)
 10167 | D:11     | Found a staircase to the Lair.
 10231 | D:11     | Found Soluir's General Store.
 10411 | D:12     | Found a staircase to the Orcish Mines.
 10471 | D:12     | Received a gift from Trog
 10971 | D:11     | Noticed a manticore
 10984 | D:11     | Killed a manticore
 11093 | D:11     | Found Meinlor's General Store.
 11175 | D:11     | Found Mocsuwul's Magic Scroll Shoppe.
 11391 | D:11     | Found a snail-covered altar of Cheibriados.
 11926 | D:12     | Reached XP level 12. HP: 89/97 MP: 22/22
 12247 | D:12     | Found Atoam's Weapon Boutique.
 12339 | D:12     | Found Ehiel's Distillery.
 12572 | Lair:1   | Entered Level 1 of the Lair of Beasts
 12663 | Lair:1   | Noticed a boulder beetle
 12675 | Lair:1   | Killed a boulder beetle
 12676 | Lair:1   | Reached skill level 10 in Fighting
 12676 | Lair:1   | Reached skill level 10 in Axes
 13016 | Lair:1   | Noticed Nergalle
 13041 | Lair:1   | Killed Nergalle
 14160 | Lair:2   | Noticed a catoblepas
 14181 | Lair:2   | Killed a catoblepas
 14279 | Lair:2   | Found a staircase to the Swamp.
 14279 | Lair:2   | Noticed an eleionoma
 14308 | Lair:2   | Killed an eleionoma
 14721 | Lair:2   | Received a gift from Trog
 14884 | Lair:2   | Acquired the +5 chain mail of the Moon {rElec Dex+3 Slay+3}
 14987 | Lair:2   | Reached XP level 13. HP: 87/104 MP: 25/25
 15410 | Lair:2   | Reached skill level 10 in Evocations
 16891 | Lair:3   | Acquired a manual of Dodging
 17053 | Lair:3   | Found a hole to the Spider Nest.
 17430 | Lair:4   | Reached skill level 10 in Dodging
 17648 | Lair:4   | Found a runed translucent door.
 17648 | Lair:4   | Identified the +2 trident of Fuomin {flame, Int+2 Dex+2
                  | Stlth+}
 17651 | Lair:4   | Noticed Twinkles's ghost (journeyman OpSh)
 17807 | Lair:4   | Reached skill level 10 in Armour
 18394 | Lair:4   | Received a gift from Trog
 18785 | Lair:4   | Killed Twinkles's ghost
 18951 | Lair:5   | Entered Level 5 of the Lair of Beasts
 18959 | Lair:5   | Reached skill level 10 in Invocations
 18959 | Lair:5   | Reached XP level 14. HP: 113/113 MP: 27/27
 19223 | Lair:5   | Noticed a dire elephant
 19234 | Lair:5   | Killed a dire elephant
 19438 | Lair:5   | Found a viscous altar of Jiyva.
 19439 | Lair:5   | Found a staircase to the Slime Pits.
 19464 | Lair:5   | Found a runed translucent door.
 19464 | Lair:5   | Noticed a reaper
 19475 | Lair:5   | Killed a reaper
 21068 | Orc:1    | Entered Level 1 of the Orcish Mines
 21357 | Orc:2    | Entered Level 2 of the Orcish Mines
 21535 | Orc:2    | Reached skill level 10 in Short Blades
 21535 | Orc:2    | Reached skill level 10 in Long Blades
 21535 | Orc:2    | Reached skill level 10 in Maces & Flails
 21535 | Orc:2    | Reached skill level 10 in Polearms
 21535 | Orc:2    | Reached skill level 10 in Staves
 21535 | Orc:2    | Reached skill level 10 in Ranged Weapons
 21535 | Orc:2    | Reached skill level 10 in Throwing
 21535 | Orc:2    | Reached skill level 10 in Stealth
 21535 | Orc:2    | Reached skill level 10 in Shields
 21535 | Orc:2    | Reached skill level 10 in Unarmed Combat
 21535 | Orc:2    | Reached skill level 10 in Spellcasting
 21731 | Orc:2    | Reached XP level 15. HP: 119/119 MP: 29/29
 21750 | Orc:2    | Found Kobeeh's Jewellery Boutique.
 21750 | Orc:2    | Found Fuona's Armour Shop.
 21753 | Orc:2    | Received a gift from Trog
 21761 | Orc:2    | Found Hugeul's Book Shop.
 21770 | Orc:2    | Found Qauk's Antique Weapon Boutique.
 22265 | Orc:2    | Found a staircase to the Elven Halls.
 22835 | D:9      | Bought a scroll of acquirement for 1352 gold pieces
 22836 | D:9      | Acquired the +1 cloak of New Discoveries {Contam rC+++
                  | Regen+}
 22977 | D:13     | Found an ancient bone altar of Kikubaaqudgha.
 23137 | D:13     | Noticed Frances
 23149 | D:13     | Killed Frances
 23270 | Orc:2    | Bought a runed battleaxe for 199 gold pieces
 23563 | D:14     | Received a gift from Trog
 23840 | D:14     | Found a gate to the Vaults.
 24070 | D:14     | You fall into a shaft and drop 1 floor!
 24070 | D:15     | Entered Level 15 of the Dungeon
 24460 | D:15     | Found a staircase to the Depths.
 24698 | D:15     | Noticed Roxanne
 24716 | D:15     | Killed Roxanne
 24717 | D:15     | Reached XP level 16. HP: 112/129 MP: 30/30
 24806 | D:15     | Noticed Jorgrun
 24814 | D:15     | Killed Jorgrun
 25327 | Spider:1 | Entered Level 1 of the Spider Nest
 25683 | Spider:1 | Received a gift from Trog
 26848 | Spider:2 | Noticed Asterion
 26857 | Spider:2 | HP: 5/130 [Asterion/+1 spectral broad axe (4)]
 26857 | Spider:2 | Killed from afar by a balrug

Illustrated notes

Levels and vault maps discovered:
D:1:      wander_arrival_peaceful_grave, layout_basic,
          dreamdust_ecumenical_altar_statues, minmay_indecisive_spiral
D:2:      layout_loops_ring, uniq_terence, uniq_jessica
D:3:      layout_loops_ring
D:4:      layout_gridville, enter_ossuary_2, serial_shops, shop, nrook_campfire,
          uniq_edmund
D:5:      layout_cave_pods, minmay_temple_entry_gardened_gates,
          dreamdust_mushroom_princess
D:6:      old_forge, layout_rooms, nicolae_tso_carved_into_rock
D:7:      cheibrodos_wizards_tower, layout_basic, overflow_temple_1_default,
          enter_bailey_6, serial_shops, shop
D:8:      layout_gridville, roderic_serpentine_path
D:9:      layout_cave_pools, serial_shops, nicolae_shop_trees, kennysheep_mini,
          shop, nicolae_shop_bloodbath_and_beyond, shop_fountains
D:10:     layout_basic, nzn_overflow_gifts_of_might_and_magic,
          mainiacjoe_overflow_alcove_2
D:11:     layout_basic, grunt_lair_entry_orc_guard_hut, serial_shops, shop,
          nicolae_shop_behind_doors, nicolae_shop_hallway_plus,
          nicolae_shop_tiny_real_fake_doors, shop, cheibrodos_worm_habitat
D:12:     layout_basic, zombieorc2_lemuel, serial_shops, kennysheep_little_box,
          shop_fountains, nicolae_elevator_lobby_plus
D:13:     layout_big_octagon, kennysheep_vampire_church, uniq_frances
D:14:     layout_loops_ring, david_vaults_2
D:15:     gammafunk_enter_depths_forms, layout_gridville,
          hangedman_decor_riveting, minmay_checkerbox, uniq_jorgrun,
          uniq_roxanne
Lair:1:   layout_long_grid, pond, serial_bayou_shore_a, grunt_megastairs_2,
          infiniplex_staircase_pool, uniq_nergalle
Lair:2:   layout_roguey, alex1729_swamp_entry_worm_eleionoma, st_stairs_7,
          guppyfry_lair_drakes
Lair:3:   layout_cave_pods, spider_nest_entry_web_field
Lair:4:   layout_small_grid, ebering_ghost_funeral_grove
Lair:5:   evilmike_catoblepas_cave, layout_regular_city, slime_entry_1,
          pdpol_lair_cabin_in_the_woods
Spider:1: layout_spider_delve, nicolae_spider_bzzzt
Spider:2: layout_spider_delve, nicolae_crawler_farm, uniq_asterion
Orc:1:    layout_diamond_mine, nicolae_orc_lava_tube
Orc:2:    st_orc_mages, layout_caves, nicolae_orc_bridge_out

Skill      XL: |  1  2  3  4  5  6  7  8  9 10 11 12 13 14 15 16 |
---------------+-------------------------------------------------+-----
Invocations    | 1 2 5 6 7 8 9 10 11 12 | 12.4
Short Blades   | 1 2 5 6 7 8 9 10 11 | 11.4
Long Blades    | 1 2 5 6 7 8 9 10 11 | 11.4
Maces & Flails | 1 2 5 6 7 8 9 10 11 | 11.4
Polearms       | 1 2 5 6 7 8 9 10 11 | 11.4
Staves         | 1 2 5 6 7 8 9 10 11 | 11.4
Ranged Weapons | 1 2 5 6 7 8 9 10 11 | 11.4
Throwing       | 1 2 5 6 7 8 9 10 11 | 11.4
Stealth        | 1 2 5 6 7 8 9 10 11 | 11.4
Shields        | 1 2 5 6 7 8 9 10 11 | 11.4
Unarmed Combat | 1 2 5 6 7 8 9 10 11 | 11.4
Spellcasting   | 1 2 5 6 7 8 9 10 11 | 11.4
Evocations     | 1 2 5 6 8 9 11 12 13 14 | 14.7
Conjurations   | 1 4 5 6 7 8 9 |  9.7
Hexes          | 1 4 5 6 7 8 9 |  9.7
Summonings     | 1 4 5 6 7 8 9 |  9.7
Necromancy     | 1 4 5 6 7 8 9 |  9.7
Translocations | 1 4 5 6 7 8 9 |  9.7
Transmutations | 1 4 5 6 7 8 9 |  9.7
Fire Magic     | 1 4 5 6 7 8 9 |  9.7
Ice Magic      | 1 4 5 6 7 8 9 |  9.7
Air Magic      | 1 4 5 6 7 8 9 |  9.7
Earth Magic    | 1 4 5 6 7 8 9 |  9.7
Poison Magic   | 1 4 5 6 7 8 9 |  9.7
Shapeshifting  | 1 4 5 6 7 8 9 |  9.7
Armour         | 5 7 8 9 10 11 12 | 12.3
Dodging        | 5 7 8 9 10 11 13 14 | 14.2
Fighting       | 8 9 10 11 12 13 | 13.1
Axes           | 8 9 10 11 12 13 | 13.1

Action                     |  1- 3 |  4- 6 |  7- 9 | 10-12 | 13-15 | 16-18 || total
---------------------------+-------+-------+-------+-------+-------+-------++-------
  Melee: Hand axe          |   101 |   209 |   197 |   163 |       |       ||   670
         Bite              |    14 |    26 |    20 |    94 |   127 |    33 ||   314
         Punch             |       |     3 |     7 |    23 |       |       ||    33
         Flail             |       |       |    32 |       |       |       ||    32
         Lajatang          |       |       |       |    79 |       |       ||    79
         Battleaxe         |       |       |       |    34 |       |       ||    34
         Broad axe         |       |       |       |   451 |   584 |   196 ||  1231
         Dire flail        |       |       |       |    12 |       |       ||    12
         War axe           |       |       |       |       |    20 |       ||    20
  Throw: Dart              |       |       |       |     8 |     2 |     2 ||    12
         Javelin           |       |       |       |       |     3 |       ||     3
         Boomerang         |       |       |       |       |     5 |     3 ||     8
 Invoke: Berserk           |       |     3 |     4 |    10 |    18 |     3 ||    38
         Trog's Hand       |       |     1 |     1 |     5 |     3 |     2 ||    12
         Brothers in Arms  |       |       |       |     2 |     1 |       ||     3
  Evoke: Wand              |       |       |       |     6 |     2 |       ||     8
    Use: Scroll            |       |    12 |    11 |    11 |     5 |       ||    39
         Potion            |       |       |     1 |     3 |       |       ||     4
   Stab: Distracted        |       |       |     1 |       |    11 |     6 ||    18
         Sleeping          |       |       |     2 |       |     1 |       ||     3
         Held in net/web   |       |       |     1 |       |       |       ||     1
         Petrified         |       |       |       |     1 |     1 |       ||     2
 Armour: Animal skin       |     8 |       |       |       |       |       ||     8
         Leather armour    |    15 |       |       |       |       |       ||    15
         Scale mail        |       |    91 |    94 |    45 |       |       ||   230
         Plate armour      |       |       |       |   452 |       |       ||   452
         Chain mail        |       |       |       |     7 |   277 |   123 ||   407
  Dodge: Dodged            |    48 |   103 |   117 |   453 |   291 |   143 ||  1155

Table legend: (Time is in decaauts)
 A = Elapsed time spent in this place.
 B = Non-inter-level travel time spent in this place.
 C = Inter-level travel time spent in this place.
 D = Time resting spent in this place.
 E = Time spent auto-exploring this place.
 F = Levels seen in this place.
 G = Mean time per level.
                   A        B        C        D        E       F      G
               +--------+--------+--------+--------+--------+-----+--------+
         Total |  27284 |  25017 |   2267 |   3155 |  17075 |  26 | 1049.4 |
       Dungeon |  14344 |  12951 |   1393 |    830 |   9599 |  15 |  956.3 |
          Lair |   8604 |   8042 |    562 |   1562 |   5275 |   5 | 1720.8 |
   Spider Nest |   1484 |   1391 |     93 |    161 |    888 |   2 |  742.0 |
  Orcish Mines |   1784 |   1566 |    218 |    212 |   1136 |   2 |  892.0 |
       Ossuary |    267 |    267 |      0 |     24 |     95 |   1 |  267.0 |
        Bailey |    799 |    799 |      0 |    363 |     81 |   1 |  799.0 |
               +--------+--------+--------+--------+--------+-----+--------+

Top non-repeatable levels by time:
  Lair:2: 2179 daAuts
  Lair:5: 1978 daAuts
  Lair:1: 1596 daAuts
    D:12: 1494 daAuts
  Lair:4: 1450 daAuts
  Lair:3: 1399 daAuts
    D:11: 1318 daAuts
     D:8: 1317 daAuts
    D:10: 1186 daAuts
   Orc:2: 1176 daAuts
     D:4: 1073 daAuts
     D:9: 1069 daAuts
Spider:1: 975 daAuts
     D:1: 923 daAuts
     D:5: 858 daAuts
